 Dungeon Crawl Stone Soup version 0.23.2-1-ga50397a (webtiles) character file.

Game seed: 12042991910349914316

8261 schauveau the Severer (level 11, 0/90 HPs)
             Began as a Hill Orc Monk on May 3, 2019.
             Was a High Priest of Beogh.
             Killed from afar by Fannar (33 damage)
             ... with a bolt of cold
             ... on level 10 of the Dungeon.
             The game lasted 00:21:11 (10373 turns).

schauveau the Severer (Hill Orc Monk)              Turns: 10373, Time: 00:21:12

Health: 0/90       AC: 11    Str: 18    XL:     11   Next: 28%
Magic:  11/11      EV: 11    Int: 13    God:    Beogh [*****.]
Gold:   399        SH:  0    Dex: 15    Spells: 10/10 levels left

rFire    . . .     SeeInvis .   M - +5 mace of Waekkaps {crush, Int+3}
rCold    . . .     Gourm    .   (no shield)
rNeg     . . .     Faith    .   t - +3 scale mail {rPois}
rPois    +         Spirit   .   (no helmet)
rElec    .         Reflect  .   n - +2 cloak {MR+}
rCorr    .         Harm     .   (no gloves)
MR       +....                  (no boots)
Stlth    ..........             (no amulet)
HPRegen  0.25/turn              m - ring of attention
MPRegen  0.12/turn              H - +2 ring of dexterity

@: lightly drained
A: walk on water, deformed body, frail 1, MP-powered wands
a: Smiting, Recall Orcish Followers, Give Item to Named Follower, Renounce
Religion


You were on level 10 of the Dungeon.
You worshipped Beogh.
Beogh was extremely pleased with you.
You were not hungry.

You visited 1 branch of the dungeon, and saw 10 of its levels.

You collected 399 gold pieces.

Inventory:

Hand Weapons
 a - a +0 hand axe
 e - a +4 war axe
 j - a +1 war axe
 l - a +2 short sword of venom
 p - a +2 whip of flaming
 C - a +0 shortbow
 F - a +1 shortbow of flaming
 M - the +5 mace of Waekkaps (weapon) {crush, Int+3}
   (You found it on level 9 of the Dungeon)

   It inflicts extra damage upon your enemies.
   It affects your intelligence (+3).
Missiles
 h - 184 arrows
 I - 38 bolts
Armour
 n - a +2 cloak of magic resistance (worn)
 t - a +3 scale mail of poison resistance (worn)
 D - the +0 scale mail of Bitterness {rElec Str-4 Int-2 Slay+4}
   (You found it on level 5 of the Dungeon)

   It affects your strength (-4).
   It affects your intelligence (-2).
   It affects your accuracy and damage with ranged weapons and melee attacks
   (+4).
   It insulates you from electricity.
 K - a +0 helmet
Jewellery
 i - a +2 ring of intelligence
 m - a ring of attention (left hand)
 H - a +2 ring of dexterity (right hand)
Wands
 y - a wand of flame (15)
 G - a wand of random effects (15)
 N - a wand of disintegration (15)
 O - a wand of acid (7)
Scrolls
 b - a scroll of enchant armour
 r - a scroll of fog
 w - 3 scrolls of teleportation
 z - a scroll of remove curse
 E - 4 scrolls of fear
 J - a scroll of amnesia
Potions
 d - a potion of haste
 f - a potion of lignification
 g - 5 potions of brilliance
 o - 4 potions of curing
 s - a potion of might
 u - a potion of flight
 A - a potion of berserk rage
 B - a potion of cancellation {unknown}
 L - a potion of magic {unknown}
Comestibles
 c - 10 rations


   Skills:
 + Level 10.8(10.4) Fighting
 * Level 15.3(15.0) Axes
 + Level 9.4(9.1) Armour
 - Level 2.4(2.1) Dodging
 - Level 1.5(1.3) Stealth


You had 10 spell levels left.
You didn't know any spells.
Your spell library contained the following spells:

 Spells                   Type           Power        Failure   Level  Hunger
 Beastly Appendage        Tmut           #.....       63%         1    ##.....
 Sticks to Snakes         Tmut           #.......     77%         2    ###....
 Spider Form              Tmut/Pois      #.........   94%         3    ####...
 Ice Form                 Ice/Tmut       #.......     100%        4    #####..
 Blade Hands              Tmut           #.........   100%        5    ######.


Dungeon Overview and Level Annotations

Branches:
Dungeon (10/15)            Temple (0/1) D:7
   Lair: D:8-11         Orc: D:9-12

Altars:
Ashenzari
Gozag
Hepliaklqana
Kikubaaqudgha
Makhleb
Nemelex Xobeh
Okawaru
Qazlal
Ru
Sif Muna
Uskayaw
Xom
Zin
The Shining One

Annotations:
D:10 Fannar


Innate Abilities, Weirdness & Mutations

You can walk on water.
Armour fits poorly on your strangely shaped body.
You are frail. (-10% HP)
You expend magic power (3 MP) to strengthen your wands.


Message History

Things that are here:
a +0 trident; an orc corpse Fannar casts a spell.
Fannar drains the heat from the surrounding environment!
You feel very cold.
* * * LOW HITPOINT WARNING * * *
Fannar, your orc warriors, your orc knights and Jorge are frozen.
Fannar resists.
Your orc warrior dies!
Your orc knight roars a battlecry!
Your orcs go into a battle-frenzy!
The ice beast hits you but does no damage.
Things that are here:
a +0 dagger; a cursed +0 leather armour You feel much better.
Jorge barely misses the ice beast.
Your orc warrior hits the ice beast from afar with a +0 trident!!
Fannar casts a spell at you.
The bolt of cold hits the ice beast.
The ice beast completely resists.
The bolt of cold hits you!!
You die...

####### ##########
....... #..e.....#
....... #@Y......#
#...##o#..#...####
+...oo)#..#......#
#...oo.#..#o.....#
##+#########+#####


You could see Fannar, an ice beast, 2 friendly orc knights, the friendly Jorge
the orc knight and a friendly orc warrior.

Vanquished Creatures
  Pikel (D:4)
  A kobold demonologist (D:9)
  Grinder (D:5)
  A hippogriff (D:9)
  Sigmund (D:6)
  2 yaks (D:9)
  Menkaure (D:5)
  Duvessa (D:4)
  A water moccasin (D:6)
  3 orc warriors
  A sky beast (D:5)
  A phantom (D:3)
  A slave (D:4)
  2 necrophages
  5 ogres
  3 centaurs (D:5)
  4 big kobolds
  3 bullfrogs
  2 scorpions
  Dowan (D:4)
  2 killer bees (D:8)
  3 howler monkeys
  7 wights
  2 crimson imps
  A bullfrog zombie (D:6)
  5 hounds
  Crazy Yiuf (D:2)
  2 orc priests
  2 centaur skeletons (D:9)
  A jelly (D:5)
  An iguana (D:8)
  An orc wizard (D:5)
  8 worker ants
  A killer bee zombie (D:5)
  10 adders
  An ooze (D:5)
  4 worms
  4 dart slugs
  2 leopard geckos
  9 orcs
  10 bats
  A bat zombie (D:3)
  4 giant cockroaches
  8 goblins
  9 hobgoblins
  5 jackals (D:1)
  8 kobolds
  3 quokkas
  3 ball pythons
  3 frilled lizards
  A leopard gecko skeleton (D:4)
  A leopard gecko zombie (D:7)
  A quokka skeleton (D:6)
  A rat (D:2)
  A rat zombie (D:3)
162 creatures vanquished.

Vanquished Creatures (collateral kills)
  Harold (D:7)
  The ghost of schauveau the Slinger, a journeyman HaHu of Dithmenos (D:9)
  A two-headed ogre (D:10)
  An unseen horror (D:10)
  A kobold demonologist (D:9)
  2 hippogriffs (D:10)
  3 yaks (D:9)
  A hungry ghost (D:7)
  3 phantoms
  2 ogres
  A centaur (D:5)
  5 big kobolds (D:9)
  2 bullfrogs
  2 scorpions (D:8)
  4 killer bees
  4 wights
  A hound (D:6)
  2 jellies
  An orc priest (D:9)
  4 orc wizards
  2 iguanas
  A hound zombie (D:7)
  A worker ant zombie (D:8)
  A shadow imp (D:7)
  An adder zombie (D:9)
  4 orcs
  A giant cockroach (D:6)
  A kobold (D:6)
54 creatures vanquished.

Vanquished Creatures (others)
  2 orc wizards
  2 orc warriors
  An orc priest (D:3)
  10 orcs
15 creatures vanquished.

Grand Total: 231 creatures vanquished

Notes
Turn   | Place    | Note
-------+----------+-------------------------------------------
     0 | D:1      | schauveau the Hill Orc Monk began the quest for the Orb.
     0 | D:1      | Reached XP level 1. HP: 19/19 MP: 1/1
   252 | D:1      | Reached XP level 2. HP: 24/27 MP: 2/2
   330 | D:1      | Reached skill level 1 in Armour
   588 | D:2      | Reached XP level 3. HP: 29/33 MP: 3/3
   722 | D:3      | Reached skill level 5 in Axes
   791 | D:4      | Noticed Duvessa
   799 | D:3      | Reached XP level 4. HP: 9/41 MP: 4/4
  1597 | D:3      | Became a worshipper of Beogh the Brigand
  1597 | D:3      | Reached * piety under Beogh
  1597 | D:3      | Reached ** piety under Beogh
  1809 | D:1      | Reached XP level 5. HP: 43/47 MP: 5/5
  1925 | D:1      | Reached skill level 6 in Axes
  2487 | D:2      | Found an ancient bone altar of Kikubaaqudgha.
  2489 | D:2      | Found a hide-covered altar of Uskayaw.
  2489 | D:2      | Found a stormy altar of Qazlal.
  2491 | D:2      | Found a radiant altar of Vehumet.
  2491 | D:2      | Found a hazy altar of Hepliaklqana.
  2491 | D:2      | Found a shimmering altar of Xom.
  2692 | D:2      | Found a runed translucent door.
  2693 | D:2      | Noticed Crazy Yiuf
  3086 | D:2      | Found a shattered altar of Ashenzari.
  3539 | D:2      | Killed Crazy Yiuf
  3834 | D:3      | Reached skill level 5 in Fighting
  3834 | D:3      | Reached XP level 6. HP: 17/56 MP: 6/6
  4124 | D:3      | Noticed a phantom
  4169 | D:3      | Killed a phantom
  4169 | D:3      | Reached skill level 7 in Axes
  4263 | D:3      | Found a sacrificial altar of Ru.
  4403 | D:3      | Found an ancient bone altar of Kikubaaqudgha.
  4468 | D:4      | Noticed Dowan
  4562 | D:4      | Killed Dowan
  4586 | D:4      | Killed Duvessa
  4586 | D:4      | Reached XP level 7. HP: 26/62 MP: 7/7
  4635 | D:4      | Reached skill level 8 in Axes
  4700 | D:4      | Found a hazy altar of Hepliaklqana.
  4756 | D:4      | Noticed Pikel
  4772 | D:4      | Killed Pikel
  4772 | D:4      | Reached skill level 9 in Axes
  4772 | D:4      | Reached XP level 8. HP: 42/71 MP: 8/8
  4816 | D:4      | Reached skill level 5 in Armour
  5191 | D:4      | Reached skill level 10 in Axes
  5313 | D:4      | Reached *** piety under Beogh
  5418 | D:5      | Entered Level 5 of the Dungeon
  5521 | D:5      | Found a burning altar of Makhleb.
  5637 | D:5      | Reached XP level 9. HP: 55/79 MP: 9/9
  5648 | D:5      | Got a translucent scale mail
  5724 | D:5      | Reached skill level 11 in Axes
  6070 | D:5      | Noticed Grinder
  6082 | D:5      | Killed Grinder
  6091 | D:5      | Noticed Menkaure
  6099 | D:5      | Killed Menkaure
  6531 | D:6      | Noticed Sigmund
  6547 | D:6      | Killed Sigmund
  6547 | D:6      | Reached skill level 12 in Axes
  6634 | D:6      | Found an iron altar of Okawaru.
  6703 | D:6      | Reached **** piety under Beogh
  6761 | D:6      | Reached XP level 10. HP: 22/91 MP: 10/10
  7125 | D:6      | Reached skill level 13 in Axes
  7330 | D:7      | Found a shimmering altar of Xom.
  7461 | D:7      | Found a deep blue altar of Sif Muna.
  7466 | D:7      | Found an opulent altar of Gozag.
  7466 | D:7      | Found a stormy altar of Qazlal.
  7496 | D:7      | Noticed Harold
  7508 | D:7      | Killed Harold
  7551 | D:7      | Found a staircase to the Ecumenical Temple.
  7716 | D:7      | Found a glowing golden altar of the Shining One.
  8496 | D:8      | Reached skill level 14 in Axes
  8679 | D:8      | Found a sparkling altar of Nemelex Xobeh.
  8777 | D:9      | Found a runed translucent gate.
  8777 | D:9      | Found a runed translucent gate.
  8777 | D:9      | Found a runed translucent gate.
  8779 | D:9      | Noticed a kobold demonologist
  8779 | D:9      | Noticed schauveau's ghost (journeyman HaHu)
  8780 | D:9      | Noticed a kobold demonologist
  9003 | D:9      | Reached skill level 10 in Fighting
  9259 | D:9      | Got an ichor-stained mace
  9384 | D:9      | Found a glowing silver altar of Zin.
  9385 | D:9      | Found a hide-covered altar of Uskayaw.
  9432 | D:9      | Gained Jorge as an ally
  9624 | D:9      | Killed a kobold demonologist
  9627 | D:9      | Reached ***** piety under Beogh
  9633 | D:9      | Killed a kobold demonologist
  9633 | D:9      | Reached XP level 11. HP: 60/101 MP: 11/11
  9635 | D:9      | Killed schauveau's ghost
  9636 | D:9      | Reached skill level 15 in Axes
  9871 | D:9      | Gained mutation: Your magical capacity is low. (-10% MP)
                  | [potion of mutation]
  9871 | D:9      | Gained mutation: Your system is resistant to poisons.
                  | (rPois) [potion of mutation]
  9871 | D:9      | Gained mutation: Your movements are slightly less
                  | encumbered by armour. (ER -2) [potion of mutation]
  9872 | D:9      | Lost mutation: Your movements are slightly less encumbered
                  | by armour. (ER -2) [potion of mutation]
  9872 | D:9      | Lost mutation: Your magical capacity is low. (-10% MP)
                  | [potion of mutation]
  9872 | D:9      | Gained mutation: You have large cloven feet. [potion of
                  | mutation]
  9872 | D:9      | Gained mutation: You have a beak for a mouth. [potion of
                  | mutation]
  9873 | D:9      | Lost mutation: You have large cloven feet. [potion of
                  | mutation]
  9873 | D:9      | Lost mutation: You have a beak for a mouth. [potion of
                  | mutation]
  9873 | D:9      | Gained mutation: You are frail. (-10% HP) [potion of
                  | mutation]
  9873 | D:9      | Gained mutation: You are very frail. (-20% HP) [potion of
                  | mutation]
  9873 | D:9      | Gained mutation: Your muscles are strong. (Str +2) [potion
                  | of mutation]
  9874 | D:9      | Lost mutation: Your muscles are strong. (Str +2) [potion of
                  | mutation]
  9874 | D:9      | Lost mutation: You are very frail. (-20% HP) [potion of
                  | mutation]
  9874 | D:9      | Lost mutation: Your system is resistant to poisons. (rPois)
                  | [potion of mutation]
  9874 | D:9      | Gained mutation: Armour fits poorly on your strangely
                  | shaped body. [potion of mutation]
  9874 | D:9      | Gained mutation: You expend magic power (3 MP) to
                  | strengthen your wands. [potion of mutation]
  9976 | D:10     | Entered Level 10 of the Dungeon
  9995 | D:10     | Noticed a two-headed ogre
 10003 | D:10     | Killed a two-headed ogre
 10247 | D:10     | Noticed a two-headed ogre
 10251 | D:10     | Noticed Fannar
 10251 | D:10     | Killed an unseen horror
 10347 | D:10     | Identified the +5 mace of Waekkaps {crush, Int+3} (You
                  | found it on level 9 of the Dungeon)
 10358 | D:10     | Identified the cursed +0 scale mail of Bitterness {rElec
                  | Str-4 Int-2 Slay+4} (You found it on level 5 of the
                  | Dungeon)
 10373 | D:10     | Killed from afar by Fannar

Skill      XL: |  1  2  3  4  5  6  7  8  9 10 11 |
---------------+----------------------------------+-----
Armour         | 1 2 3 4 5 7 8 9 |  9.4
Fighting       | 4 5 6 7 9 10 | 10.8
Axes           | 5 6 7 9 10 12 14 15 | 15.3
Dodging        | |  2.4
Stealth        | |  1.5

Action                   |  1- 3 |  4- 6 |  7- 9 | 10-12 || total
-------------------------+-------+-------+-------+-------++-------
Melee: Hand axe          |    74 |    41 |       |       ||   115
       War axe           |       |   197 |   264 |   213 ||   674
Invok: Convert to Beogh  |       |     1 |       |       ||     1
       Recall Orcish Fol |       |       |       |     1 ||     1
Evoke: Wand              |       |       |     1 |       ||     1
  Use: Scroll            |       |     5 |       |    11 ||    16
       Potion            |       |     3 |       |    11 ||    14
 Stab: Sleeping          |     2 |     1 |       |       ||     3
       Invisible         |       |     4 |       |       ||     4
       Distracted        |       |       |     1 |     4 ||     5
  Eat: Chunk             |       |     5 |     6 |     6 ||    17
       Ration            |       |     2 |     1 |     2 ||     5
Armor: Robe              |     9 |    14 |       |       ||    23
       Ring mail         |       |    61 |       |       ||    61
       Scale mail        |       |       |   135 |   125 ||   260
Dodge: Dodged            |    64 |   161 |   123 |   122 ||   470
